 Dungeon Crawl Stone Soup version 0.26.0-16-gc1dbca0489 (webtiles) character file.

Game seed: 14108537879444346865

37669 VeinyPole the Brawler (level 13, -2/110 HPs)
             Began as a Troll Monk on Jan 21, 2021.
             Was the Champion of Okawaru.
             Slain by a +2 halberd "Ebly" {chaos, Str-4 Int+5} (19 damage)
             ... on level 4 of the Lair of Beasts on Jan 22, 2021.
             The game lasted 00:19:14 (15473 turns).

VeinyPole the Brawler (Troll Monk)                 Turns: 15473, Time: 00:19:14

Health: -2/110     AC: 12    Str: 26    XL:     13   Next: 59%
Magic:  1/18       EV: 10    Int: 10    God:    Okawaru [******]
Gold:   1208       SH:  4    Dex: 12    Spells: 20/20 levels left

rFire    + . .     SeeInvis +     - Unarmed
rCold    . . .     Faith    .   (no shield)
rNeg     . . .     Spirit   .   C - +3 troll leather armour
rPois    .         Reflect  .   m - +1 hat "Vuginupn" {SInv}
rElec    .         Harm     .   p - scarf {repulsion}
rCorr    .         Rampage  .   (gloves unavailable)
Will     .....                  (boots unavailable)
Stlth    +.........             y - amulet of the acrobat
HPRegen  1.08/turn              s - ring of protection from fire
MPRegen  0.16/turn              (no ring)

@: slowed, repel missiles, very slow
A: large, unfitting armour, claws 3, large bone plates 1, clever 1, regeneration
1, shaggy fur 1, strong 1, tough skin 3, MP-powered wands
a: Renounce Religion, Heroism, Finesse


You were on level 4 of the Lair of Beasts.
You worshipped Okawaru.
Okawaru was exalted by your worship.
You visited 3 branches of the dungeon, and saw 19 of its levels.

You collected 1208 gold pieces.

Inventory:

Hand Weapons
 g - a +2 whip of venom
Missiles
 i - 6 large rocks
 E - 18 javelins (quivered)
Armour
 m - the +1 hat "Vuginupn" (worn) {SInv}
   (Okawaru gifted it to you on level 12 of the Dungeon)

   It lets you see invisible.
 p - a scarf of repulsion (worn)
 C - a +3 troll leather armour (worn)
Jewellery
 s - a ring of protection from fire (left claw)
 y - an amulet of the acrobat (around neck)
Wands
 b - a wand of polymorph (24)
 n - a wand of iceblast (15)
 u - a wand of acid (1)
 A - a wand of flame (35)
 D - a wand of random effects (19)
Scrolls
 a - 2 scrolls of immolation
 e - a scroll of teleportation
 f - 2 scrolls of enchant weapon
 k - 7 scrolls of remove curse
 l - 2 scrolls of enchant armour
 o - 3 scrolls of summoning {unknown}
 q - a scroll of brand weapon
 v - 3 scrolls of silence
 B - a scroll of amnesia
 F - a scroll of holy word
Potions
 c - 2 potions of invisibility
 d - 2 potions of berserk rage
 r - a potion of attraction
 t - 3 potions of flight
 w - 2 potions of cancellation
 x - 4 potions of curing
Miscellaneous
 h - a box of beasts (inert)
 G - a tin of tremorstones (2/2)


   Skills:
 - Level 2.4 Fighting
 - Level 2.4 Dodging
 - Level 1.0 Stealth
 - Level 20.2 Unarmed Combat
 * Level 4.0 Spellcasting
 - Level 5.0 Invocations


You had 20 spell levels left.
You didn't know any spells.
Your spell library contained the following spells:

 Spells                   Type           Power        Failure   Level
 Beastly Appendage        Tmut           4%           28%         1
 Foxfire                  Conj/Fire      8%           28%         1
 Wereblood                Tmut           2%           41%         2
 Conjure Flame            Conj/Fire      2%           65%         3
 Inner Flame              Hex/Fire       2%           65%         3
 Spider Form              Tmut/Pois      1%           65%         3
 Ice Form                 Ice/Tmut       2%           96%         4
 Sticky Flame             Conj/Fire      2%           96%         4
 Blade Hands              Tmut           1%           100%        5
 Bolt of Magma            Conj/Fire/Erth 1%           100%        5
 Fireball                 Conj/Fire      1%           100%        5
 Irradiate                Conj/Tmut      1%           100%        5
 Iskenderun's Battlesphe  Conj           2%           100%        5
 Hydra Form               Tmut           1%           100%        6
 Iron Shot                Conj/Erth      1%           100%        6
 Statue Form              Tmut/Erth      1%           100%        6
 Dragon Form              Tmut           1%           100%        7
 Orb of Destruction       Conj           1%           100%        7
 Spellforged Servitor     Conj/Summ      1%           100%        7


Dungeon Overview and Level Annotations

Branches:
Dungeon (14/15)            Temple (1/1) D:7            Lair (4/6) D:11
 Shoals (0/4) Lair:4       Spider (0/4) Lair:3          Orc (0/2) D:10
 Vaults: D:13-14

Altars:
Ashenzari
Cheibriados
Dithmenos
Elyvilon
Fedhas
Gozag
Hepliaklqana
Kikubaaqudgha
Makhleb
Nemelex Xobeh
Okawaru
Qazlal
Ru
Sif Muna
Trog
Uskayaw
Vehumet
Wu Jian
Xom
Yredelemnul
Zin
The Shining One
Jiyva

Shops:
D:4 !   D:6 :

Annotations:
D:4 2 transporters, mojasp's ghost, amateur DsFi
Lair:3 3 runed translucent doors, Zing's ghost, journeyman GrGl
Lair:4 runemage's ghost, journeyman GnFi


Innate Abilities, Weirdness & Mutations

You are too large for most types of armour.
You have claws for hands.
Your natural rate of healing is unusually fast.
You are covered in fur. (AC +1)
You have extremely tough skin. (AC +3)
You are partially covered in large bone plates. (SH +4)
Your mind is acute. (Int +2)
Your muscles are strong. (Str +2)
You expend magic power (3 MP) to strengthen your wands.


Message History

Runemage's ghost hits you but does no damage.
The +2 halberd "Ebly" {chaos, Str-4 Int+5} hits you from afar!
The +2 halberd "Ebly" {chaos, Str-4 Int+5} freezes you.
You turn to flesh and can move again.
Unknown command.
Unknown command.
You're too confused to move!
Runemage's ghost hits you!
The +2 halberd "Ebly" {chaos, Str-4 Int+5} completely misses you.
Runemage's ghost says, "You can hit me, but you can't hurt me."
Runemage's ghost hits you but does no damage.
The +2 halberd "Ebly" {chaos, Str-4 Int+5} hits you from afar!
* * * LOW HITPOINT WARNING * * *
You feel your power leaking away.
Unknown command.
You are too confused!
You feel better.
The +2 halberd "Ebly" {chaos, Str-4 Int+5} hits you from afar!
* * * LOW HITPOINT WARNING * * *
You are electrocuted!!
You die...

...#..................†......#
P....#....P.......#.#....#.#†###
##.................#########...##
#.............#.....# #....#.
#..#...#.......#...## ##.....
.#.#.P..#.#.P.....P# #.....
.....#...........### ######
.<....###........#$## #
....PPP#....#...@W(.#######
.....P...........#.###.##P#
#.##.####...##...###......## ##
###### #....##.P## ##.#....#####.
.##.# ##P.###.## #....>...#...
#...## ###..##..# #........†...
.....###....#..## ##........#...
...............#####...####.#....
###P####....####.#P#..## #.......


You could see a +2 halberd "Ebly" {chaos, Str-4 Int+5} and runemage's ghost.

Vanquished Creatures
  Gastronok (Lair:2)
  A boulder beetle (Lair:2)
  A hydra (Lair:1)
  A centaur warrior (D:13)
  A catoblepas (Lair:2)
  6 two-headed ogres
  Urug (Lair:2)
  Nergalle (Lair:3)
  A necromancer (D:14)
  2 ugly things
  3 manticores
  2 black mambas
  5 cane toads
  3 torpor snails (Lair:1)
  5 rime drakes
  An efreet (D:13)
  5 komodo dragons
  A troll (shapeshifter) (D:13)
  4 trolls
  A wind drake (Lair:4)
  4 polar bears
  A shadow (D:10)
  A centaur simulacrum (D:14)
  A vampire (D:10)
  44 yaks
  A basilisk (Lair:2)
  3 wyverns
  A soldier ant (D:10)
  13 water moccasins
  5 black bears
  5 orc warriors
  3 ice beasts
  5 phantoms
  7 sky beasts
  4 necrophages
  An eye of draining (D:13)
  5 ogres
  13 centaurs
  7 big kobolds
  15 bullfrogs
  A gnoll sergeant (D:10)
  4 wyvern zombies
  A wyvern skeleton (D:10)
  2 scorpions
  2 troll zombies (D:10)
  5 killer bees (D:13)
  12 wights
  4 howler monkeys
  5 electric eels (D:11)
  A bullfrog zombie (D:12)
  A quasit (D:10)
  12 hounds
  6 orc priests
  2 centaur zombies
  4 jellies
  4 iguanas
  12 orc wizards
  4 bullfrog skeletons
  2 centaur skeletons
  8 worker ants
  4 ogre zombies (D:10)
  3 hound skeletons
  2 howler monkey zombies
  5 gnolls
  10 adders
  An ufetubus (D:8)
  2 adder skeletons
  An adder zombie (D:5)
  A worm (D:4)
  3 leopard geckos
  30 orcs
  A giant cockroach (D:1)
  5 hobgoblins
  9 jackals
  6 quokkas
  A bat (D:1)
  4 frilled lizards
  2 goblin skeletons (D:10)
  2 goblin zombies (D:10)
  A hobgoblin skeleton (D:10)
  57 kobolds
  14 orc zombies (D:10)
  A quokka zombie (D:5)
  6 rats
448 creatures vanquished.

Vanquished Creatures (others)
  A gnoll (D:4)
  A kobold (D:4)
  A bush (Lair:2)
  13 fungi
  52 plants
68 creatures vanquished.

Grand Total: 516 creatures vanquished

Notes
Turn   | Place    | Note
-------+----------+-------------------------------------------
     0 | D:1      | VeinyPole the Troll Monk began the quest for the Orb.
     0 | D:1      | Reached XP level 1. HP: 22/22 MP: 0/0
   249 | D:2      | Reached XP level 2. HP: 28/29 MP: 1/1
   384 | D:4      | Noticed mojasp's ghost (amateur DsFi)
   385 | D:4      | Found a transporter.
   410 | D:4      | Reached skill level 4 in Unarmed Combat
   410 | D:4      | Reached XP level 3. HP: 26/36 MP: 2/2
   588 | D:4      | Found a transporter.
   686 | D:4      | Found Uhuna's Distillery.
   738 | D:4      | Found an ancient bone altar of Kikubaaqudgha.
   741 | D:4      | Found a shimmering altar of Xom.
   836 | D:4      | Noticed a big kobold
   853 | D:4      | Killed a big kobold
   854 | D:4      | Reached skill level 5 in Unarmed Combat
   854 | D:4      | Reached XP level 4. HP: 33/44 MP: 3/3
   854 | D:4      | Reached XP level 5. HP: 38/50 MP: 4/4
  1042 | D:4      | Reached skill level 6 in Unarmed Combat
  1056 | D:4      | Noticed an ogre
  1065 | D:4      | Killed an ogre
  1224 | D:4      | Reached skill level 7 in Unarmed Combat
  1224 | D:4      | Reached XP level 6. HP: 41/59 MP: 5/5
  1229 | D:4      | Gained mutation: You have an increased reservoir of magic.
                  | (+10% MP) [potion of mutation]
  1229 | D:4      | Gained mutation: You have a pair of small horns on your
                  | head. [potion of mutation]
  1551 | D:4      | Noticed a moth of wrath
  1554 | D:4      | Found a bloodstained altar of Trog.
  1673 | D:5      | Entered Level 5 of the Dungeon
  1812 | D:5      | Reached skill level 8 in Unarmed Combat
  1812 | D:5      | Reached XP level 7. HP: 66/66 MP: 6/6
  1961 | D:5      | Found a white marble altar of Elyvilon.
  2005 | D:6      | Found Divvoypp's Book Shop.
  2031 | D:7      | Reached skill level 9 in Unarmed Combat
  2141 | D:6      | Identified the cursed +1 ring mail "Timnyur" {Stlth+}
  2238 | D:6      | Reached XP level 8. HP: 63/74 MP: 7/7
  2303 | D:6      | Reached skill level 10 in Unarmed Combat
  2541 | D:5      | Reached skill level 11 in Unarmed Combat
  3489 | D:6      | Reached XP level 9. HP: 57/80 MP: 8/8
  3492 | D:6      | Reached skill level 12 in Unarmed Combat
  3956 | D:7      | Found a staircase to the Ecumenical Temple.
  3995 | Temple   | Entered the Ecumenical Temple
  4217 | Temple   | Became a worshipper of Warmaster Okawaru
  4217 | Temple   | Reached * piety under Okawaru
  4217 | Temple   | Reached ** piety under Okawaru
  4476 | D:8      | Reached skill level 13 in Unarmed Combat
  4870 | D:8      | Reached *** piety under Okawaru
  5103 | D:8      | Reached skill level 14 in Unarmed Combat
  5247 | D:9      | Reached XP level 10. HP: 87/88 MP: 10/10
  6010 | D:10     | Entered Level 10 of the Dungeon
  6013 | D:10     | Reached **** piety under Okawaru
  6050 | D:10     | Received a gift from Okawaru
  6392 | D:10     | Reached skill level 15 in Unarmed Combat
  6553 | D:10     | Noticed a two-headed ogre
  6557 | D:10     | Killed a two-headed ogre
  6750 | D:10     | Found a staircase to the Orcish Mines.
  7026 | D:10     | Noticed a two-headed ogre
  7027 | D:10     | Reached skill level 16 in Unarmed Combat
  7037 | D:10     | Killed a two-headed ogre
  7037 | D:10     | Received a gift from Okawaru
  7038 | D:10     | Reached XP level 11. HP: 64/94 MP: 11/11
  7205 | D:10     | Lost mutation: You have a pair of small horns on your head.
                  | [potion of mutation]
  7205 | D:10     | Lost mutation: You have an increased reservoir of magic.
                  | (+10% MP) [potion of mutation]
  7205 | D:10     | Gained mutation: You have a pair of small horns on your
                  | head. [potion of mutation]
  7205 | D:10     | Gained mutation: Armour fits poorly on your strangely
                  | shaped body. [potion of mutation]
  7205 | D:10     | Gained mutation: You are partially covered in large bone
                  | plates. (SH +4) [potion of mutation]
  7514 | D:10     | Reached ***** piety under Okawaru
  7786 | D:11     | Noticed a red ugly thing
  7805 | D:11     | Killed a red ugly thing
  7894 | D:11     | Found a staircase to the Lair.
  7932 | Lair:1   | Entered Level 1 of the Lair of Beasts
  8083 | D:11     | HP: 3/94 [manticore (19)]
  8086 | D:11     | Reached skill level 17 in Unarmed Combat
  8438 | D:11     | Found a glowing golden altar of the Shining One.
  8828 | D:12     | Received a gift from Okawaru
  8856 | D:12     | Got an ichor-stained hat {god gift}
  8862 | D:12     | Identified the +1 hat "Vuginupn" {SInv} (Okawaru gifted it
                  | to you on level 12 of the Dungeon)
  9066 | D:12     | Noticed a red ugly thing
  9080 | D:12     | Killed a red ugly thing
  9490 | D:12     | Reached skill level 18 in Unarmed Combat
 10275 | D:12     | Noticed a two-headed ogre
 10282 | D:12     | Killed a two-headed ogre
 10421 | D:13     | HP: 1/94 [troll (7)]
 10423 | D:13     | Reached XP level 12. HP: 2/104 MP: 11/11
 10821 | D:13     | Noticed a two-headed ogre
 10828 | D:13     | Killed a two-headed ogre
 11279 | D:13     | Reached ****** piety under Okawaru
 11327 | D:13     | Noticed a centaur warrior
 11337 | D:13     | Killed a centaur warrior
 11338 | D:13     | Reached skill level 19 in Unarmed Combat
 11495 | D:14     | Found a sparkling altar of Nemelex Xobeh.
 11512 | D:14     | Noticed a two-headed ogre
 11514 | D:14     | Noticed a two-headed ogre
 11516 | D:14     | Noticed a tengu warrior
 11518 | D:14     | Killed a two-headed ogre
 11518 | D:14     | Received a gift from Okawaru
 11521 | D:14     | Killed a two-headed ogre
 11562 | D:14     | Noticed a five-headed hydra
 11653 | D:14     | Noticed a storm dragon
 11653 | D:14     | a five-headed hydra changed into a storm dragon
 11984 | Lair:1   | Lost mutation: Armour fits poorly on your strangely shaped
                  | body. [potion of mutation]
 11984 | Lair:1   | Lost mutation: You have a pair of small horns on your head.
                  | [potion of mutation]
 11984 | Lair:1   | Gained mutation: Your muscles are strong. (Str +2) [potion
                  | of mutation]
 11984 | Lair:1   | Gained mutation: Your mind is acute. (Int +2) [potion of
                  | mutation]
 11984 | Lair:1   | Gained mutation: You expend magic power (3 MP) to
                  | strengthen your wands. [potion of mutation]
 12044 | Lair:1   | Reached skill level 1 in Invocations
 12304 | Lair:1   | Found a snail-covered altar of Cheibriados.
 12652 | Lair:2   | Received a gift from Okawaru
 12780 | Lair:2   | Noticed Gastronok
 12796 | Lair:1   | Reached skill level 5 in Invocations
 12854 | Lair:2   | Killed Gastronok
 12855 | Lair:2   | Reached XP level 13. HP: 74/110 MP: 12/15
 13145 | Lair:2   | Found a transporter.
 13146 | Lair:2   | Found a transporter.
 13217 | Lair:2   | Noticed Urug
 13224 | Lair:2   | Killed Urug
 13225 | Lair:2   | Reached skill level 20 in Unarmed Combat
 13777 | Lair:2   | Reached skill level 1 in Spellcasting
 14268 | Lair:3   | Received a gift from Okawaru
 14371 | Lair:3   | Found a runed translucent gate.
 14372 | Lair:3   | Found a runed translucent gate.
 14373 | Lair:3   | Found a runed translucent gate.
 14373 | Lair:3   | Noticed a death ooze
 14375 | Lair:3   | Found a viscous altar of Jiyva.
 14375 | Lair:3   | Noticed Zing's ghost (journeyman GrGl)
 14490 | Lair:3   | Found a hole to the Spider Nest.
 14495 | Lair:3   | Noticed Nergalle
 14504 | Lair:3   | Killed Nergalle
 14864 | Lair:4   | Found a runed translucent door.
 14864 | Lair:4   | Found a shimmering altar of Xom.
 14864 | Lair:4   | Noticed runemage's ghost (journeyman GnFi)
 15017 | Lair:4   | Identified the cursed +2 halberd "Ebly" {chaos, Str-4
                  | Int+5}
 15125 | Lair:4   | Found a staircase to the Shoals.
 15473 | Lair:4   | Slain by a +2 halberd "Ebly" {chaos, Str-4 Int+5}

Illustrated notes

Levels and vault maps discovered:
D:1:      zelgadis_glass_arrival_large, layout_loops_ring, serial_rivers,
          chequers_serial_rivers_large_a, chequers_serial_rivers_small_3,
          chequers_serial_rivers_small_b, chequers_serial_rivers_micro_c,
          chequers_serial_rivers_room_a, minmay_misc_feat_nine_boxes,
          st_stairs_13, skrybe_limestone_x
D:2:      layout_basic, uniq_crazy_yiuf_cottage, uniq_natasha
D:3:      layout_basic
D:4:      minmay_goblin_kobold_castle, layout_loops_ring, minitemple, tgw_trog,
          serial_shops, kennysheep_mini_moat, gammafunk_ghost_arena
D:5:      layout_layer_cave, elyvilon_altar_3
D:6:      minmay_thinvault, layout_rooms, serial_shops, nicolae_shop_waterfront
D:7:      layout_rooms, minmay_temple_entry_overgrown
D:8:      layout_basic
D:9:      layout_irregular_city
D:10:     layout_basic, zombieorc1_lemuel
D:11:     layout_basic, david_lair_shrubbed, basic_altar
D:12:     minmay_general_purpose_star, layout_loops_cross,
          kennysheep_generic_room_3
D:13:     layout_roguey, drop_trap
D:14:     layout_long_grid, david_vaults_1, serial_park_tiny_1,
          nemelex_xobeh_ov_fountains_minmay
Temple:   dpeg_five_rooms_temple
Lair:1:   layout_chaotic_city, chequers_serial_rivers_small_b,
          kennysheep_snail_temple
Lair:2:   gammafunk_boulding_lane, layout_loops_ring, uniq_gastronok, uniq_urug
Lair:3:   layout_loops_ring, dummy_spider_entry, serial_rivers,
          chequers_serial_rivers_micro_d, chequers_serial_rivers_micro_b,
          chequers_serial_rivers_room_b, chequers_serial_rivers_micro_b,
          gammafunk_ghost_ooze, uniq_nergalle
Lair:4:   layout_loops_ring, minmay_shoals_entry_beasts, ebering_ghost_xom,
          serial_bayou_lagoon_a

Skill      XL: |  1  2  3  4  5  6  7  8  9 10 11 12 13 |
---------------+----------------------------------------+-----
Unarmed Combat | 4 5 7 8 9 11 14 16 18 19 20 | 20.2
Invocations    | 5 |  5.0
Spellcasting   | 4 |  4.0
Fighting       | |  2.4
Dodging        | |  2.4
Stealth        | |  1.0

Action                   |  1- 3 |  4- 6 |  7- 9 | 10-12 | 13-15 || total
-------------------------+-------+-------+-------+-------+-------++-------
Melee: Unarmed           |    62 |   114 |   284 |   615 |   182 ||  1257
       Punch             |     1 |     2 |    15 |    51 |    21 ||    90
       Headbutt          |       |     7 |    51 |   108 |       ||   166
Invok: Heroism           |       |       |       |     1 |       ||     1
Evoke: Wand              |       |       |       |     1 |     5 ||     6
       Box of beasts     |       |       |       |       |     1 ||     1
  Use: Potion            |       |     3 |       |     8 |     4 ||    15
       Scroll            |       |     1 |       |    22 |     4 ||    27
 Stab: Sleeping          |     3 |     1 |     2 |     4 |     1 ||    11
Armor: Robe              |    35 |    46 |   102 |    11 |       ||   194
       Troll leather arm |       |       |       |   149 |    48 ||   197
Dodge: Dodged            |    45 |   107 |   161 |   353 |    72 ||   738
       Repelled          |       |       |       |     3 |     1 ||     4
Block: Other             |       |       |       |    64 |    21 ||    85
